 Dungeon Crawl Stone Soup version 0.22-a0-247-gbddf880 (webtiles) character file.

2778 Amnesiac the Prestidigitator (level 9, -3/46 HPs)
             Began as a Deep Elf Artificer on Feb 25, 2018.
             Was an Initiate of Gozag.
             Slain by an ice beast (4 damage)
             ... on level 8 of the Dungeon.
             The game lasted 00:16:36 (6336 turns).

Amnesiac the Prestidigitator (Deep Elf Artificer)   Turns: 6336, Time: 00:16:36

Health: -3/46      AC:  7    Str: 12    XL:     9   Next: 42%
Magic:  20/20      EV:  5    Int: 17    God:    Gozag
Gold:   554        SH: 13    Dex: 15    Spells: 8/8 levels left

rFire    . . .     SeeInvis .   a - +6 hunting sling (freeze)
rCold    + . .     Gourm    .   G - +0 large shield
rNeg     . . .     Faith    .   h - +0 scale mail (curse)
rPois    .         Spirit   .   J - +0 helmet
rElec    .         Reflect  .   (no cloak)
rCorr    .         Harm     .   (no gloves)
MR       .....     Rnd*Tele +   (no boots)
Stlth    ..........             z - amulet of regeneration
HPRegen  0.55/turn              u - ring of protection from cold
MPRegen  0.17/turn              g - ring of teleportation (curse)

@: gold aura
A: no striking features
a: Potion Petition, Call Merchant, Bribe Branch, Renounce Religion


You were on level 8 of the Dungeon.
You worshipped Gozag.
Gozag was pleased with you.
You were not hungry.

You visited 2 branches of the dungeon, and saw 9 of its levels.

You collected 665 gold pieces.
You paid 111 gold pieces to Gozag.

Inventory:

Hand Weapons
 a - a +6 hunting sling of freezing (weapon)
 b - a +2 dagger of electrocution
Missiles
 i - 8 needles of confusion
 j - 135 stones (quivered)
 r - 21 poisoned needles
Armour
 h - a cursed +0 scale mail (worn)
 x - a +2 chain mail of cold resistance
 y - a +1 buckler
 C - a +0 cloak
 G - a +0 large shield (worn)
 J - a +0 helmet (worn)
Jewellery
 g - a cursed ring of teleportation (right hand)
 m - the ring of Darkness {Int+2 Dex+3 Stlth+}
   (You found it on level 5 of the Dungeon)

   [ring of stealth]

   It affects your intelligence (+2).
   It affects your dexterity (+3).
   It makes you more stealthy.
 u - a ring of protection from cold (left hand)
 z - an amulet of regeneration (around neck)
 E - an uncursed amulet of magic regeneration
 F - a +4 ring of dexterity
Wands
 c - a wand of flame (46)
 d - a wand of enslavement (14)
 e - a wand of random effects (12)
 p - a wand of scattershot (7)
 B - a wand of acid (8)
Scrolls
 n - 2 scrolls of amnesia {!r}
 w - 2 scrolls of teleportation {!r}
 D - a scroll of holy word {!r}
 I - 2 scrolls of fog {!r}
 K - a scroll of enchant armour {!r}
Potions
 k - 2 potions of brilliance {!q}
 l - 4 potions of curing {!q}
 o - a potion of might {!q, unknown}
 q - 5 potions of agility {!q}
 s - 3 potions of lignification {!q}
 t - a potion of flight {!q}
 v - a potion of cancellation {!q}
 A - 3 potions of heal wounds {!q}
 H - a potion of resistance {!q}
Comestibles
 f - 11 rations


   Skills:
 - Level 0.7 Fighting
 - Level 1.0 Short Blades
 - Level 2.4 Dodging
 - Level 1.2 Stealth
 - Level 4.2 Shields
 * Level 12.9 Evocations


You had 8 spell levels left.
You didn't know any spells.

Dungeon Overview and Level Annotations

Branches:
Dungeon (8/15)             Temple (1/1) D:7
   Lair: D:8-11

Altars:
Ashenzari
Dithmenos
Gozag
Kikubaaqudgha
Nemelex Xobeh
Okawaru
Qazlal
Sif Muna
The Shining One


Message History

The ice beast closely misses you.
Firing (i - inventory)
j - 142 stones (quivered)
Press: ? - help, Shift-Dir - straight line, f/p - ice beast
Aim: an ice beast (severely wounded)
You shoot a stone. The stone hits the ice beast.
The ice beast is almost dead.
You block the ice beast's attack. The ice beast hits you.
The ice beast freezes you. You resist.
Firing (i - inventory)
j - 141 stones (quivered)
Press: ? - help, Shift-Dir - straight line, f/p - ice beast
Aim: an ice beast (almost dead)
You shoot a stone. The stone closely misses the ice beast.
The stone misses the crimson imp.
You hear the slow hiss of a distant avalanche of sand.
You block the ice beast's attack.
Firing (i - inventory)
j - 140 stones (quivered)
Press: ? - help, Shift-Dir - straight line, f/p - ice beast
Aim: an ice beast (almost dead)
You shoot a stone.
The stone completely misses the ice beast.
The stone hits the crimson imp.
The stone freezes the crimson imp.
The crimson imp is severely wounded.
You block the ice beast's attack. The ice beast hits you.
The ice beast freezes you. You resist.
* * * LOW HITPOINT WARNING * * *
Firing (i - inventory)
j - 139 stones (quivered)
Press: ? - help, Shift-Dir - straight line, f/p - ice beast
Aim: an ice beast (almost dead)
You shoot a stone. The stone barely misses the ice beast.
The stone hits the crimson imp!
The stone freezes the crimson imp.
You kill the crimson imp!
The ice beast hits you.
* * * LOW HITPOINT WARNING * * *
The ice beast freezes you. You resist.
* * * LOW HITPOINT WARNING * * *
Firing (i - inventory)
j - 138 stones (quivered)
Press: ? - help, Shift-Dir - straight line, f/p - ice beast
Aim: an ice beast (almost dead)
You shoot a stone. The stone hits the ice beast.
The ice beast is almost dead.
The ice beast hits you.
* * * LOW HITPOINT WARNING * * *
The ice beast freezes you. You resist.
* * * LOW HITPOINT WARNING * * *
You are too injured to fight recklessly!
You are too injured to fight recklessly!
You are too injured to fight recklessly!
Firing (i - inventory)
j - 137 stones (quivered)
Press: ? - help, Shift-Dir - straight line, f/p - ice beast
Aim: an ice beast (almost dead)
You shoot a stone. The stone closely misses the ice beast.
The ice beast hits you.
* * * LOW HITPOINT WARNING * * *
The ice beast freezes you. You resist.
* * * LOW HITPOINT WARNING * * *
Firing (i - inventory)
j - 136 stones (quivered)
Press: ? - help, Shift-Dir - straight line, f/p - ice beast
Aim: an ice beast (almost dead)
You shoot a stone. The stone barely misses the ice beast.
You block the ice beast's attack. The ice beast hits you.
* * * LOW HITPOINT WARNING * * *
The ice beast freezes you. You resist.
You die...
Your body crumbles into a pile of gold.

#.# ... #......#
##.#######.# #......#
..()......># #......#
##.###.###.####......#
#.#.....#.#.........#
#.#.#.#.#.#.........#
#.#.#.#.#.#....######
#.# #.#.........#
........#.#....@#
....#.#.#.#####Y# .
#.#.#.# #$# #.#.#.#
#.. #.#.# .(.# #.#.#
##(# #.#.# (# #.# .#


You could see an ice beast.

Vanquished Creatures
  A troll (D:7)
  A hippogriff (D:6)
  A wyvern (D:8)
  An orc warrior (D:6)
  2 phantoms
  2 black bears
  An ogre (D:4)
  2 centaurs
  Blork the orc (D:4)
  A gnoll sergeant (D:6)
  2 bullfrogs (D:6)
  3 scorpions
  A water moccasin skeleton (D:8)
  3 howler monkeys
  3 crimson imps
  A bullfrog zombie (D:5)
  3 orc priests
  2 hounds
  A bullfrog skeleton (D:4)
  3 orc wizards
  A centaur skeleton (D:6)
  2 iguanas
  7 worker ants
  Robin (D:2)
  8 gnolls
  A howler monkey skeleton (D:5)
  4 adders
  A shadow imp (D:7)
  3 oozes
  5 worms
  2 dart slugs
  3 leopard geckos
  14 orcs
  3 ball pythons
  10 bats
  4 giant cockroaches
  13 hobgoblins
  4 jackals (D:6)
  2 quokkas
  3 frilled lizards
  7 goblins
  A jackal skeleton (D:4)
  6 kobolds
  A quokka skeleton (D:6)
  A quokka zombie (D:5)
  4 rats
146 creatures vanquished.

Vanquished Creatures (others)
  A sky beast (D:8)
  A howler monkey (D:2)
2 creatures vanquished.

Grand Total: 148 creatures vanquished

Notes
Turn   | Place    | Note
-------+----------+-------------------------------------------
     0 | D:1      | Amnesiac the Deep Elf Artificer began the quest for the Orb.
     0 | D:1      | Reached XP level 1. HP: 11/11 MP: 5/5
    57 | D:2      | Noticed a howler monkey
   286 | D:1      | Reached XP level 2. HP: 16/16 MP: 6/6
   293 | D:1      | Reached skill level 4 in Evocations
   565 | D:1      | Reached XP level 3. HP: 20/20 MP: 8/8
   822 | D:3      | Reached skill level 5 in Evocations
   868 | D:4      | Reached XP level 4. HP: 24/24 MP: 8/10
   917 | D:4      | Found an iron altar of Okawaru.
   936 | D:4      | Reached skill level 6 in Evocations
   999 | D:4      | Reached XP level 5. HP: 23/28 MP: 11/11
  1179 | D:4      | Noticed Blork the orc
  1184 | D:4      | Killed Blork the orc
  1184 | D:4      | Reached skill level 7 in Evocations
  1184 | D:4      | Reached XP level 6. HP: 25/33 MP: 13/13
  1387 | D:4      | Found an ancient bone altar of Kikubaaqudgha.
  1488 | D:4      | Reached skill level 8 in Evocations
  1807 | D:5      | Entered Level 5 of the Dungeon
  2064 | D:5      | Got a sparkling granite ring
  2065 | D:5      | Identified the ring of Darkness {Int+2 Dex+3 Stlth+} (You found it on level 5 of the Dungeon)
  2138 | D:5      | Reached skill level 1 in Shields
  2222 | D:5      | Reached XP level 7. HP: 30/37 MP: 15/15
  2324 | D:5      | Found a shattered altar of Ashenzari.
  2890 | D:6      | Reached skill level 9 in Evocations
  3202 | D:6      | Reached XP level 8. HP: 32/42 MP: 17/17
  3352 | D:6      | Reached skill level 10 in Evocations
  3889 | D:7      | Noticed a hippogriff
  4003 | D:6      | Killed a hippogriff
  4097 | D:7      | Noticed a troll
  4108 | D:7      | Killed a troll
  4108 | D:7      | Reached skill level 11 in Evocations
  4144 | D:7      | Found a glowing golden altar of the Shining One.
  4146 | D:7      | Found a sparkling altar of Nemelex Xobeh.
  4148 | D:7      | Found a deep blue altar of Sif Muna.
  4254 | D:7      | Found a shadowy altar of Dithmenos.
  4343 | D:7      | Found a staircase to the Ecumenical Temple.
  4352 | Temple   | Entered the Ecumenical Temple
  4358 | Temple   | Became a worshipper of Gozag Ym Sagoz the Greedy
  4899 | D:2      | Found a stormy altar of Qazlal.
  5049 | D:2      | Noticed Robin
  5065 | D:2      | Killed Robin
  5455 | D:3      | Reached XP level 9. HP: 39/46 MP: 19/19
  5794 | D:7      | Found a shattered altar of Ashenzari.
  5893 | D:7      | Reached skill level 12 in Evocations
  6336 | D:8      | HP: 1/46 [ice beast (3)]
  6336 | D:8      | Slain by an ice beast

Vault maps used:
D:1:      scummos_arrival_simple_crosswalls, serial_glass, glass_columns_a,
          glass_columns_a, minmay_strange_pillars, feat_on_display
D:2:      lemuel_round_altar, grunt_decor_one_mirror, kennysheep_generic_room_6,
          uniq_robin
D:3:      corner_web_ring
D:4:      marbit_many_paths, okawaru_gym_becter, uniq_blork_the_orc
D:5:      first_ration, nicolae_ashenzari_panopticon
D:6:      corexii_item_surrounded_by_moat
D:7:      lemuel_doored_altar, nicolae_dithmenos_through_a_glass_darkly,
          minitemple, minmay_temple_entry_nine_rooms
D:8:      serial_shops, nicolae_shop_trees, nicolae_ossuary_entry_catacombs
Temple:   dshaligram_water_room_temple

Skill      XL: |  1  2  3  4  5  6  7  8  9 |
---------------+----------------------------+-----
Evocations     | 4 5 6 7 8 9 11 12 | 12.9
Shields        | 1 3 4 |  4.2
Fighting       | |  0.7
Short Blades   | |  1.0
Dodging        | |  2.4
Stealth        | |  1.2

Action                   |  1- 3 |  4- 6 |  7- 9 || total
-------------------------+-------+-------+-------++-------
Melee: Short sword       |    11 |       |       ||    11
 Fire: Hunting sling     |    53 |    91 |   345 ||   489
Evoke: Wand              |     1 |       |     6 ||     7
  Use: Scroll            |     7 |     4 |    10 ||    21
  Eat: Chunk             |       |     4 |     7 ||    11
       Ration            |       |       |     2 ||     2
Armor: Leather armour    |    12 |       |       ||    12
       Chain mail        |       |    14 |    56 ||    70
       Scale mail        |       |       |    28 ||    28
Dodge: Dodged            |    18 |     8 |    32 ||    58
Block: Buckler           |       |     7 |    29 ||    36
       Large shield      |       |       |    68 ||    68

Table legend:
 A = Spawn XP
 B = Non-spawn XP
 C = Spawn XP percentage of total XP
 D = Spawn monster count
 E = Non-spawn monster count
 F = Spawn count percentage of total count
 G = Total turns spent on level
                    A         B        C        D         E        F      G
               +---------+---------+-------+---------+---------+-------+---------
         Total |       0 |    3969 |   0.0 |       0 |     147 |   0.0 |  6336
               +---------+---------+-------+---------+---------+-------+---------
           D:1 |       0 |      46 |   0.0 |       0 |      24 |   0.0 |   614
           D:2 |       0 |     207 |   0.0 |       0 |      24 |   0.0 |   830
           D:3 |       0 |      49 |   0.0 |       0 |      15 |   0.0 |   570
           D:4 |       0 |     601 |   0.0 |       0 |      18 |   0.0 |  1083
           D:5 |       0 |     289 |   0.0 |       0 |      12 |   0.0 |  1026
           D:6 |       0 |    1239 |   0.0 |       0 |      33 |   0.0 |  1236
           D:7 |       0 |     939 |   0.0 |       0 |      11 |   0.0 |   825
           D:8 |       0 |     599 |   0.0 |       0 |      10 |   0.0 |   139
               +---------+---------+-------+---------+---------+-------+---------
